 Dungeon Crawl Stone Soup version 0.24-a0-285-g3c078ff (webtiles) character file.

Game seed: 7345281189443212267

2828 Inarius the Archer (level 9, -13/72 HPs)
             Began as a Centaur Arcane Marksman on May 7, 2019.
             Was an Elder of Okawaru.
             Mangled by a komodo dragon (25 damage)
             ... on level 8 of the Dungeon.
             The game lasted 00:18:03 (9418 turns).

Inarius the Archer (Centaur Arcane Marksman)        Turns: 9418, Time: 00:18:04

Health: -13/72     AC:  8    Str: 18    XL:     9   Next: 45%
Magic:  12/12      EV: 10    Int: 12    God:    Okawaru [****..]
Gold:   365        SH:  0    Dex: 13    Spells: 9/10 levels left

rFire    . . .     SeeInvis .   b - +1 falchion (slice)
rCold    + . .     Gourm    .   (no shield)
rNeg     . . .     Faith    .   u - +0 leather armour {rC+}
rPois    .         Spirit   .   m - +0 helmet
rElec    .         Reflect  .   g - +0 cloak
rCorr    +         Harm     .   t - +0 pair of gloves
MR       .....                  (no barding)
Stlth    +.........             j - amulet of magic regeneration
HPRegen  0.22/turn              w - ring of resist corrosion
MPRegen  0.38/turn              (no ring)

@: mighty, very quick
A: large, hooves 3, deformed body, speed 2, tough skin 3
a: Heroism, Renounce Religion


You were on level 8 of the Dungeon.
You worshipped Okawaru.
Okawaru was greatly pleased with you.
You were not hungry.

You visited 1 branch of the dungeon, and saw 8 of its levels.

You collected 365 gold pieces.

Inventory:

Hand Weapons
 a - a +1 longbow
 b - a +1 falchion of slicing (weapon)
Missiles
 d - 152 arrows
Armour
 g - a +0 cloak (worn)
 m - a +0 helmet (worn)
 r - a +0 scale mail
 t - a +0 pair of gloves (worn)
 u - a +0 leather armour of cold resistance (worn)
Jewellery
 j - an amulet of magic regeneration (around neck)
 w - a ring of resist corrosion (left hand)
Wands
 p - a wand of digging (2)
 q - a wand of flame (22)
Scrolls
 h - 2 scrolls of blinking
 k - a scroll of enchant armour {unknown}
 l - 2 scrolls of identify
 n - a scroll of remove curse
 x - 2 scrolls of amnesia
 y - a scroll of magic mapping
 z - a scroll of noise {unknown}
 A - a scroll of teleportation
 B - a scroll of immolation {unknown}
Potions
 i - a potion of degeneration {unknown}
 o - 2 potions of curing
 v - a potion of cancellation
 C - a potion of lignification {unknown}
Comestibles
 f - 9 rations


   Skills:
 + Level 4.4 Fighting
   Level 0.6(1.9) Short Blades
 + Level 2.8(2.9) Long Blades
 * Level 12.2 Bows
 + Level 2.4 Armour
 + Level 2.6 Dodging
 - Level 0.1 Stealth
 - Level 1.0 Spellcasting
 - Level 3.1 Hexes
 * Level 4.1 Evocations


You had 9 spell levels left.
You knew the following spells:

 Your Spells              Type           Power        Failure   Level  Hunger
a - Corona                Hex            #......      10%         1    ##.....

Your spell library contained the following spells:

 Spells                   Type           Power        Failure   Level  Hunger
 Slow                     Hex            #.......     16%         2    ###....
 Inner Flame              Hex/Fire       #.......     50%         3    ####...
 Portal Projectile        Hex/Tloc       #.....       50%         3    ####...
 Cause Fear               Hex            #.........   69%         4    #####..
 Leda's Liquefaction      Hex/Erth       #.........   88%         4    #####..


Dungeon Overview and Level Annotations

Branches:
Dungeon (8/15)             Temple (0/1) D:5            Lair (0/6) D:8

Altars:
Cheibriados
Fedhas
Makhleb
Okawaru
Vehumet
Zin

Annotations:
D:7 1 runed translucent door, Rabid's ghost, novice FoAK


Innate Abilities, Weirdness & Mutations

You have hooves in place of feet.
Armour fits poorly on your strangely shaped body.
You cover ground very quickly.
You have extremely tough skin. (AC +3)


Message History

Evoke which item? (* to show all) (? for menu, Esc to quit)
Aiming: Throw Flame
Press: ? - help, Shift-Dir - straight line, f/p - komodo dragon
Aim: a komodo dragon The puff of flame hits the komodo dragon but does no damage.
Unknown command.
b - a +1 falchion of slicing (weapon)
You feel very mighty all of a sudden. The komodo dragon bites you.
You hit the komodo dragon. You kick the komodo dragon!
The komodo dragon is moderately wounded.
The komodo dragon bites you!!
You hit the komodo dragon. You kick the komodo dragon.
The komodo dragon is heavily wounded.
The komodo dragon bites you!!
* * * LOW HITPOINT WARNING * * *
You see here a black bear skeleton.
There is a stone staircase leading up, spattered with blood here.
The komodo dragon bites you!!
You die...

,* *,*,,,,,,,,* ,*
*,**,..PPPP# **
*,**,...PPP*
****,***...PP**
,,,,,***#...**
,*****,*#..**
,,,,,,,*#.#*
..#######.########
.............รท.l@#
#.##..############
,h....*
#.#..$*************
#,#...,,,,,,,,,,,,*
*,#.#.**********,**
*,#.#.,,,,,,,,,,,*
*,#.##*********,,*
*,*,* *,,*


You could see a komodo dragon.

Vanquished Creatures
  Grinder (D:6)
  Eustachio (D:4)
  2 orc warriors
  A black bear (D:8)
  4 ogres
  3 phantoms
  2 centaurs
  2 bullfrogs
  Blork the orc (D:6)
  A scorpion (D:7)
  4 killer bees
  2 howler monkeys (D:8)
  4 crimson imps
  3 hounds
  3 orc priests (D:7)
  2 jellies (D:5)
  A centaur skeleton (D:4)
  Ijyb (D:4)
  2 iguanas
  3 orc wizards
  4 worker ants
  A hound zombie (D:5)
  2 worker ant zombies
  11 gnolls
  10 adders
  2 oozes (D:2)
  An adder zombie (D:6)
  An adder skeleton (D:5)
  4 worms
  4 dart slugs
  2 leopard geckos
  17 orcs
  4 ball pythons
  7 giant cockroaches
  8 goblins
  3 hobgoblins
  3 jackals (D:2)
  2 quokkas
  A ball python zombie (D:5)
  6 bats
  4 frilled lizards
  5 kobolds
  A quokka skeleton (D:4)
  5 rats
151 creatures vanquished.

Vanquished Creatures (others)
  3 plants (D:8)
3 creatures vanquished.

Grand Total: 154 creatures vanquished

Notes
Turn   | Place    | Note
-------+----------+-------------------------------------------
     0 | D:1      | Inarius the Centaur Arcane Marksman began the quest for the
                  | Orb.
     0 | D:1      | Reached XP level 1. HP: 16/16 MP: 2/2
   255 | D:1      | Reached skill level 3 in Bows
   415 | D:1      | Reached XP level 2. HP: 20/23 MP: 3/3
  1096 | D:2      | Reached XP level 3. HP: 28/28 MP: 4/4
  1130 | D:2      | Reached skill level 4 in Bows
  1555 | D:2      | Reached XP level 4. HP: 20/35 MP: 5/5
  2185 | D:3      | Found an iron altar of Okawaru.
  2188 | D:3      | Became a worshipper of Warmaster Okawaru
  2240 | D:3      | Reached skill level 5 in Bows
  2618 | D:3      | Reached XP level 5. HP: 41/41 MP: 6/6
  2623 | D:3      | Found a glowing silver altar of Zin.
  2625 | D:3      | Found a burning altar of Makhleb.
  2626 | D:3      | Noticed a cacodemon
  2627 | D:3      | Noticed an angel
  3289 | D:4      | Found a snail-covered altar of Cheibriados.
  3306 | D:4      | Reached skill level 6 in Bows
  3626 | D:4      | Noticed Ijyb
  3652 | D:4      | Killed Ijyb
  3652 | D:4      | Reached XP level 6. HP: 48/50 MP: 7/7
  3905 | D:4      | Reached skill level 7 in Bows
  3905 | D:4      | Reached skill level 1 in Evocations
  4147 | D:4      | Found a radiant altar of Vehumet.
  4158 | D:4      | Noticed Eustachio
  4174 | D:4      | Killed Eustachio
  4174 | D:4      | Reached * piety under Okawaru
  4174 | D:4      | Reached skill level 1 in Armour
  4432 | D:5      | Entered Level 5 of the Dungeon
  4442 | D:4      | Reached XP level 7. HP: 47/56 MP: 8/8
  4593 | D:4      | Reached skill level 1 in Long Blades
  4593 | D:4      | Reached skill level 8 in Bows
  4774 | D:5      | Found a blossoming altar of Fedhas.
  4846 | D:5      | Reached ** piety under Okawaru
  5159 | D:5      | Found a staircase to the Ecumenical Temple.
  5434 | D:5      | Reached skill level 9 in Bows
  5513 | D:5      | Reached XP level 8. HP: 55/63 MP: 9/9
  6259 | D:6      | Noticed Grinder
  6270 | D:6      | Killed Grinder
  6270 | D:6      | Reached *** piety under Okawaru
  6270 | D:6      | Reached skill level 10 in Bows
  6837 | D:6      | Noticed Blork the orc
  6848 | D:6      | Killed Blork the orc
  7420 | D:7      | Reached skill level 11 in Bows
  7510 | D:7      | Reached XP level 9. HP: 61/71 MP: 11/11
  8055 | D:7      | Found a runed translucent door.
  8060 | D:7      | Noticed Rabid's ghost (novice FoAK)
  8995 | D:8      | Reached **** piety under Okawaru
  9018 | D:8      | Reached skill level 12 in Bows
  9172 | D:8      | Received a gift from Okawaru
  9360 | D:8      | Noticed a komodo dragon
  9418 | D:8      | Mangled by a komodo dragon

Levels and vault maps discovered:
D:1:      dpeg_arrival_tiny_h, layout_loops_ring
D:2:      layout_basic, nrook_mini_backslash
D:3:      layout_loops_ring, grunt_temple_overflow_order_and_chaos_2,
          okawaru_metal_pillars_1_2, serial_co_window_serial,
          co_window_corner_a, co_window_paths_a, co_window_cross_1,
          co_window_paths_a, co_window_of_opportunity_a, co_window_paths_c,
          co_window_corner_b, co_window_unsneaky_path_e,
          co_window_of_opportunity_c, glass_columns_b, glass_columns_c,
          glass_columns_a, glass_columns_c, glass_columns_a, nrook_mini_vaults
D:4:      layout_cave_pools, kennysheep_mini_moat, overflow_temple_1_default,
          first_ration, kennysheep_boxes, uniq_ijyb, uniq_eustachio
D:5:      layout_loops_cross, lemuel_temple_firewalk_b, basic_altar
D:6:      layout_basic, hangedman_decor_peaks_small, uniq_grinder,
          uniq_blork_the_orc
D:7:      layout_basic, ebering_ghost_reflecting_pool, minmay_starry_boxes
D:8:      layout_basic, grunt_temple_overflow_growth_and_decay,
          david_lair_shrubbed, basic_altar, enter_bailey_3

Skill      XL: |  1  2  3  4  5  6  7  8  9 |
---------------+----------------------------+-----
Hexes          | 3 |  3.1
Bows           | 3 4 5 6 7 9 11 12 | 12.2
Fighting       | 2 3 4 |  4.4
Evocations     | 1 2 3 4 |  4.1
Armour         | 1 2 |  2.4
Long Blades    | 1 2 |  2.8
Dodging        | 2 |  2.6
Short Blades   | |  0.6
Stealth        | |  0.1
Spellcasting   | |  1.0

Action                   |  1- 3 |  4- 6 |  7- 9 || total
-------------------------+-------+-------+-------++-------
Melee: Unarmed           |    26 |       |       ||    26
       Dagger            |    37 |       |       ||    37
       Kick              |    10 |    24 |    24 ||    58
       Short sword       |    41 |       |       ||    41
       Falchion          |       |    76 |    86 ||   162
 Fire: Shortbow          |    58 |   135 |    11 ||   204
       Longbow           |       |       |   201 ||   201
Evoke: Wand              |       |     2 |    10 ||    12
  Use: Scroll            |     2 |     3 |     8 ||    13
       Potion            |       |       |     3 ||     3
 Stab: Paralysed         |       |     3 |     6 ||     9
  Eat: Chunk             |     1 |     7 |    11 ||    19
       Ration            |       |       |     1 ||     1
Armor: Robe              |    37 |       |       ||    37
       Ring mail         |     5 |       |       ||     5
       Chain mail        |    41 |    76 |       ||   117
       Scale mail        |       |     5 |       ||     5
       Leather armour    |       |     4 |    68 ||    72
Dodge: Dodged            |    52 |    30 |   110 ||   192
       Rpst.: Falchion   |       |     4 |    23 ||    27

Table legend:
 A = Non-vault XP
 B = Vault XP
 C = Vault XP percentage of total XP
 D = Non-vault monster count
 E = Vault monster count
 F = Vault count percentage of total count
                 A         B        C        D         E       F
            +---------+---------+-------+---------+---------+-------
      Total |    3554 |     486 |  12.0 |     147 |       4 |   2.6
            +---------+---------+-------+---------+---------+-------
        D:1 |      39 |       0 |   0.0 |      19 |       0 |   0.0
        D:2 |      89 |       0 |   0.0 |      23 |       0 |   0.0
        D:3 |      91 |       0 |   0.0 |      21 |       0 |   0.0
        D:4 |     550 |     133 |  19.5 |      19 |       2 |   9.5
        D:5 |     591 |       0 |   0.0 |      15 |       0 |   0.0
        D:6 |     901 |     353 |  28.1 |      21 |       2 |   8.7
        D:7 |     680 |       0 |   0.0 |      16 |       0 |   0.0
        D:8 |     613 |       0 |   0.0 |      13 |       0 |   0.0
            +---------+---------+-------+---------+---------+-------
